 Dungeon Crawl Stone Soup version 0.26.1-2-gb8aa6d0cf2 (webtiles) character file.

Game seed: 14760006034789380915

114 H0rd4k the Charlatan (level 5, 0/38 HPs)
             Began as a Human Artificer on Feb 17, 2021.
             Succumbed to a kobold's poison
             ... on level 2 of the Dungeon.
             The game lasted 00:04:06 (4593 turns).

H0rd4k the Charlatan (Human Artificer)              Turns: 4593, Time: 00:04:07

Health: 0/38       AC:  5    Str: 17 (20) XL:     5   Next: 19%
Magic:  5/5        EV: 12    Int:  8 (11) God:
Gold:   131        SH:  0    Dex: 10 (13) Spells: 4/4 levels left

rFire    + . .     SeeInvis .   n - +0 dagger
rCold    + . .     Faith    .   (no shield)
rNeg     . . .     Spirit   .   b - +0 leather armour
rPois    +         Reflect  .   a - +1 helmet
rElec    +         Harm     .   (no cloak)
rCorr    +         Rampage  .   (no gloves)
Will     .....                  (no boots)
Stlth    +.........             (no amulet)
HPRegen  0.12/turn              k - +6 ring of strength
MPRegen  0.09/turn              (no ring)

@: lethally poisoned (0 -> -12), resistant, attractive
A: no striking features
a: no special abilities


You were on level 2 of the Dungeon.
You visited 1 branch of the dungeon, and saw 3 of its levels.

You collected 131 gold pieces.

Inventory:

Hand Weapons
 n - a +0 dagger (weapon)
Missiles
 m - 19 poisoned darts (quivered)
Armour
 a - a +1 helmet (worn)
 b - a +0 leather armour (worn)
Jewellery
 k - a +6 ring of strength (left hand)
Wands
 c - a wand of flame (4)
 d - a wand of enslavement (11)
 e - a wand of random effects (15)
Scrolls
 g - 3 scrolls of identify {unknown}
 i - 2 scrolls of remove curse {unknown}
 j - a scroll of fog {unknown}
 l - 3 scrolls of magic mapping {unknown}
 o - a scroll of teleportation {unknown}
Potions
 f - a potion of degeneration
 h - a potion of resistance


   Skills:
 + Level 1.7 Fighting
 + Level 1.1 Short Blades
 + Level 0.1 Throwing
 + Level 3.1 Armour
 + Level 1.8 Dodging
 + Level 2.0 Stealth
 + Level 3.5 Evocations


You had 4 spell levels left.
You didn't know any spells.
Your spell library was empty.

Dungeon Overview and Level Annotations

Branches:
Dungeon (3/15)

Altars:
Elyvilon
Ru
The Shining One


Message History

There was something very wrong with that liquid.
You feel weakened.
You feel dopey.
You feel clumsy.
* * * LOW HITPOINT WARNING * * *
You feel sick.
* * * LOW HITPOINT WARNING * * *
You feel sick.
* * * LOW HITPOINT WARNING * * *
You feel sick.
Okay, then.
* * * LOW HITPOINT WARNING * * *
You feel sick.
* * * LOW HITPOINT WARNING * * *
You feel sick.
* * * LOW HITPOINT WARNING * * *
You feel sick.
* * * LOW HITPOINT WARNING * * *
You feel sick.
* * * LOW HITPOINT WARNING * * *
You feel sick.
You die...

.............#.#..........#
######.###.#..............#
####.# #.###.#######....#
##.##.###.....#######...##
#.....).............#.).#
##.######.#########.#>..# #.# #.#
#.#...# #.#
#.#########.#.).###### #.#
#......@.............# #.#
###########.....####.## ###.#
####.....#..# ....# #......#..#.#
###.# #.##..###...# #.#
#..#.##.##.)## #.##########
#.....#.#....#
###..........#######..#.##.##.#..
...#########.....)...####...####.


There were no monsters in sight!

Vanquished Creatures
  4 adders (D:2)
  An ooze (D:1)
  2 worms (D:2)
  3 dart slugs
  A leopard gecko (D:2)
  An orc (D:2)
  8 bats
  2 giant cockroaches (D:2)
  7 goblins
  11 hobgoblins
  5 jackals (D:1)
  3 frilled lizards (D:2)
  3 kobolds
  4 rats
55 creatures vanquished.

Vanquished Creatures (collateral kills)
  A kobold (D:1)
1 creature vanquished.

Vanquished Creatures (others)
  2 giant cockroaches (D:2)
  A jackal (D:1)
  A quokka (D:2)
  A frilled lizard (D:1)
5 creatures vanquished.

Grand Total: 61 creatures vanquished

Notes
Turn   | Place    | Note
-------+----------+-------------------------------------------
     0 | D:1      | H0rd4k the Human Artificer began the quest for the Orb.
     0 | D:1      | Reached XP level 1. HP: 15/15 MP: 1/1
   304 | D:1      | Reached XP level 2. HP: 6/21 MP: 2/2
  1077 | D:1      | Reached XP level 3. HP: 13/26 MP: 3/3
  2975 | D:2      | Reached XP level 4. HP: 30/32 MP: 4/4
  4205 | D:2      | Found a white marble altar of Elyvilon.
  4227 | D:2      | Found a glowing golden altar of the Shining One.
  4269 | D:2      | Reached XP level 5. HP: 38/38 MP: 5/5
  4329 | D:2      | Reached skill level 1 in Short Blades
  4496 | D:2      | Found a sacrificial altar of Ru.
  4591 | D:2      | HP: 1/38 [poisoned by a kobold]
  4593 | D:2      | Succumbed to a kobold's poison

Illustrated notes

Levels and vault maps discovered:
D:1:      amcnicky_arrival_wind_blow, layout_loops_ring, minmay_hedge_maze,
          minmay_pentomino_t2
D:2:      layout_loops_ring, lemuel_coloured_pillars_altar, old_standard_altar,
          elyvilon_altar_4, minmay_fractal_squares_gapless_5
D:3:      layout_rooms, uniq_jessica

Skill      XL: |  1  2  3  4  5 |
---------------+----------------+-----
Armour         | 3 |  3.1
Stealth        | 2 |  2.0
Short Blades   | 1 |  1.1
Fighting       | |  1.7
Throwing       | |  0.1
Dodging        | |  1.8
Evocations     | |  3.5

Action                   |  1- 3 |  4- 6 || total
-------------------------+-------+-------++-------
Melee: Club              |   197 |       ||   197
       Dagger            |    22 |   141 ||   163
Throw: Dart              |       |    12 ||    12
Evoke: Wand              |     5 |    10 ||    15
  Use: Potion            |       |     3 ||     3
 Stab: Sleeping          |     4 |     1 ||     5
Armor: Leather armour    |   105 |    56 ||   161
Dodge: Dodged            |   211 |    87 ||   298
